 Dungeon Crawl Stone Soup version 0.31-a0-216-g22e908daa7 (webtiles) character file.

Game seed: 18083803899628607412

78850 qw the Severer (level 15, -1/96 HPs)
             Began as a Gargoyle Fighter on July 2, 2023.
             Was an Elder of Okawaru.
             Killed from afar by a starcursed mass (7 damage)
             ... with an accursed screaming
             ... on level 2 of the Abyss.
             The game lasted 00:11:42 (21431 turns).

qw the Severer (Gargoyle Fighter)                  Turns: 21431, Time: 00:11:42

Health: -1/96      AC: 48    Str: 32    XL:     15   Next: 61%
Magic:  21/22      EV: 10    Int: 13    God:    Okawaru [****..]
Gold:   2309       SH: 13    Dex:  9    Spells: 14/14 levels left

rFire   + + .        u - +4 war axe "Pipleiff" {freeze, rF++ rC+++}
rCold   + + +        B - +0 kite shield
rNeg    + + .        o - +5 plate armour "Sumiujy" {rN+}
rPois   inf          m - +2 helmet
rElec   +            h - +2 cloak
rCorr   .            r - +2 pair of gloves of the Orb {Rampage Int+3}
SInv    .            y - +2 pair of boots
Will    ++...        (no amulet) Stlth
                     F - ring of willpower
HPRegen 0.36/turn    w - +6 ring of strength
MPRegen 0.18/turn

%: rampage
@: about to teleport, heroic, flying, slowed, wreathed by umbra, very slow
A: sickness immunity, AC +11, big wings, negative energy resistance 1,
electricity resistance, torment resistance 1, petrification resistance
a: Renounce Religion, Heroism, Finesse


You were on level 2 of the Abyss.
You worshipped Okawaru.
Okawaru was greatly pleased with you.
You visited 3 branches of the dungeon, and saw 21 of its levels.
You visited the Abyss 1 time.
You also visited: Ossuary.

You collected 2309 gold pieces.


Innate Abilities, Weirdness & Mutations

You are immune to sickness and miasma.
Your stone body is resilient. (AC +11)
You are immune to poison.
Your large and strong wings let you fly.
You resist negative energy. (rN+)
You are resistant to electric shocks. (rElec)
You are resistant to unholy torment.
You are immune to petrification.


   Skills:
 - Level 12.0(17.0) Fighting
 - Level 16.0(21.0) Axes
 - Level 6.1(11.1) Throwing
 + Level 11.2(16.2) Armour
 - Level 3.1(8.1) Dodging
 - Level 12.2(17.2) Shields
 - Level 10.0 Invocations


You had 14 spell levels left.
You didn't know any spells.
Your spell library was empty.

Inventory:

Hand Weapons
 g - a +0 broad axe
 u - the +4 war axe "Pipleiff" (weapon) {freeze, rF++ rC+++}
   (You acquired it on level 7 of the Dungeon)

   rF:        It greatly protects you from fire.
   rC:        It renders you almost immune to cold.
 G - a +3 morningstar
Missiles
 k - 2 boomerangs of dispersal
 A - 7 boomerangs
 E - 6 javelins (quivered)
Armour
 h - a +2 cloak (worn)
 m - a +2 helmet (worn)
 o - the +5 plate armour "Sumiujy" (worn) {rN+}
   (You found it on level 4 of the Dungeon)

   rN:        It protects you from negative energy.
 r - the +2 pair of gloves of the Orb (worn) {Rampage Int+3}
   (You found it on level 7 of the Dungeon)

   Int:       It affects your intelligence (+3).
   Rampage:   It bestows one free step when moving towards enemies.
 y - a +2 pair of boots (worn)
 B - a +0 kite shield (worn)
Jewellery
 f - a ring of ice
 w - a +6 ring of strength (right hand)
 x - a ring of resist corrosion
 F - a ring of willpower (left hand)
 Y - a ring of protection from fire
Wands
 C - a wand of digging (5)
Scrolls
 c - a scroll of brand weapon
 l - 7 scrolls of identify
 D - 3 scrolls of enchant weapon
Potions
 b - a potion of magic
 d - 7 potions of might
 e - 2 potions of enlightenment
 i - 6 potions of haste
 j - a potion of lignification
 n - 3 potions of resistance
 q - 2 potions of mutation
 s - 2 potions of curing
 t - 2 potions of attraction
 v - a potion of cancellation

Dungeon Overview and Level Annotations

Branches:
Dungeon (15/15)            Temple (1/1) D:7            Lair (5/5) D:9
  Swamp (0/4) Lair:3       Spider (0/4) Lair:3        Slime (0/5) Lair:5
    Orc (0/2) D:9          Vaults (0/5) D:13        Ossuary (visited)
 Depths: D:15

Altars:
Ashenzari
Cheibriados
Dithmenos
Elyvilon
Fedhas
Gozag
Hepliaklqana
Kikubaaqudgha
Makhleb
Nemelex Xobeh
Okawaru
Qazlal
Ru
Sif Muna
Trog
Uskayaw
Vehumet
Wu Jian
Xom
Yredelemnul
Zin
The Shining One
Jiyva

Shops:
D:1 ?

Portals:
Trove: D:14 (give 2 scrolls of acquirement)

Annotations:
D:3 1 runed translucent door, qw's ghost, amateur DEHu


Message History

The profane servitor hits you with a +2 whip.
The profane servitor hits you but does no damage.
Something hits you! Something drains your vigour!
You feel as though you will be slow longer.
Deactivating autopickup; reactivate with Ctrl-A.
A chorus of shrieks assaults your mind.
Autopickup is now on.
You completely miss the starcursed mass.
The starcursed mass is almost destroyed.
You miss something. You closely miss the profane servitor.
The profane servitor hits you but does no damage.
You block the profane servitor's attack.
A starcursed mass splits.
A chorus of shrieks assaults your mind. Something hits you.
Something drains your vigour!
You feel as though you will be slow longer.
Deactivating autopickup; reactivate with Ctrl-A.
The profane servitor hits you but does no damage. x2
Autopickup is now on.
21430 ||| READING scroll of teleportation.
As you read the scroll of teleportation, it crumbles to dust.
You feel strangely unstable.
You feel the power of the Abyss delaying your translocation!
You block the profane servitor's attack.
The profane servitor barely misses you. The starcursed mass barely misses you.
Something hits you but does no damage.
Deactivating autopickup; reactivate with Ctrl-A.
The profane servitor hits you but does no damage.
The profane servitor hits you with a +2 whip.
You block the starcursed mass's attack.
Autopickup is now on.
You slash the starcursed mass! You freeze the starcursed mass.
You destroy the starcursed mass!
Okawaru accepts your kill.
You slice something!! You freeze something!
You closely miss the profane servitor.
The profane servitor hits you with a +2 whip!
You block the profane servitor's attack.
A chorus of shrieks assaults your mind.
You die...

. .#.. .#
##.. # ...
# #..#...
.. # .##
#.#....
#.#. .####
#...#.#X#
###
#.#A@.X#..
# .
##.#x#.# .
..
##X#.#...
. ..#.. .
#. .
..##.. #..
# #..#..#.
# #..#....
#. ..#.. .
# # # . .#


You could see a profane servitor, 3 starcursed masses and a small abomination.

Vanquished Creatures
  Agnes (D:14)
  A tentacled starspawn (Abyss:2)
  Nessos (D:15)
  A bunyip (Abyss:2)
  Harold (Lair:2)
  8 hydras
  2 catoblepae
  2 centaur warriors
  2 dancing weapons (D:13)
  2 boulder beetles
  6 death yaks
  4 two-headed ogres
  Urug (D:10)
  Nergalle (Lair:2)
  A storm dragon skeleton (Abyss:2)
  7 skeletal warriors
  4 ugly things
  2 manticores (Lair:5)
  27 elephants
  3 cyclopes
  A smoke demon (Abyss:2)
  5 black mambas
  2 gargoyles
  14 cane toads
  3 rime drakes
  5 komodo dragons
  2 kobold demonologists
  A tengu conjurer (D:14)
  2 polar bears
  2 trolls
  5 meliai
  3 raiju (Abyss:2)
  25 blink frogs
  14 dream sheep
  14 slime creatures
  2 shadows
  A ynoxinul (Abyss:2)
  Sigmund (D:6)
  3 wraiths
  2 starcursed masses (Abyss:2)
  9 wyverns
  30 yaks
  2 redbacks (Lair:3)
  Grum (D:11)
  6 basilisks
  A neqoxec (Abyss:2)
  2 steam dragons
  15 vampire mosquitoes
  A harpy simulacrum (D:12)
  Edmund (D:6)
  A small abomination (Abyss:2)
  An acid dragon (D:12)
  17 water moccasins
  9 orc warriors
  A black bear (D:5)
  An ice beast (D:6)
  2 sky beasts
  An ogre (D:14)
  6 centaurs
  13 wolves
  Blork the orc (D:6)
  2 elf zombies (Ossuary)
  2 kobold brigands
  14 bullfrogs
  A gnoll sergeant (D:10)
  4 necrophages (Lair:4)
  5 scorpions
  7 wights
  9 killer bees
  An electric eel (Lair:3)
  2 howler monkeys
  A centaur zombie (Ossuary)
  2 gnoll boudas
  5 hounds
  3 jellies
  2 human zombies (Ossuary)
  11 orc priests
  7 hell rats
  5 iguanas
  10 orc wizards
  A hound zombie (Ossuary)
  3 mummies (Ossuary)
  20 gnolls
  10 adders
  2 ufetubi
  4 adder zombies (Ossuary)
  2 worms
  4 dart slugs
  47 orcs
  5 ball pythons
  8 endoplasms
  A giant cockroach (D:1)
  8 goblins
  5 hobgoblins
  6 jackals (D:1)
  5 quokkas
  9 bats
  2 frilled lizards
  3 gnoll zombies (Ossuary)
  2 goblin zombies (Ossuary)
  3 hobgoblin zombies (Ossuary)
  4 jackal zombies (Ossuary)
  10 kobolds
  A kobold zombie (Ossuary)
  An orc zombie (Ossuary)
  4 quokka zombies (Ossuary)
  7 rats
  8 rat zombies (Ossuary)
583 creatures vanquished.

Vanquished Creatures (others)
  2 starspawn tentacles (Abyss:2)
2 creatures vanquished.

Grand Total: 585 creatures vanquished

Notes
Turn   | Place    | Note
-------+----------+-------------------------------------------
     0 | D:1      | qw the Gargoyle Fighter began the quest for the Orb.
     0 | D:1      | Reached XP level 1. HP: 14/14 MP: 1/1
     0 | D:1      | 0 ||| qw: Version: 0.3-a-40-ge99b1a8
     0 | D:1      | 0 ||| qw: Game counter: 7942
     0 | D:1      | 0 ||| qw: Melee chars always use a shield: true
     0 | D:1      | 0 ||| qw: God list: Okawaru
     0 | D:1      | 0 ||| qw: Allow faded altars: false
     0 | D:1      | 0 ||| qw: Do Orc after clearing Dungeon:15 true
     0 | D:1      | 0 ||| qw: Do second Lair branch before Depths: true
     0 | D:1      | 0 ||| qw: Lair rune preference: random
     0 | D:1      | 0 ||| qw: Goals: Normal, Zot:1-4, Slime:5, God:TSO, Crypt,
                  | Tomb, Abyss, Pan, Hells, Win
     0 | D:1      | 0 ||| PLANNING D:1-11
    70 | D:1      | Reached skill level 2 in Axes
   132 | D:1      | Reached XP level 2. HP: 18/19 MP: 2/2
   152 | D:1      | Found Nyam's Magic Scroll Boutique.
   159 | D:1      | Found a faded altar of an unknown god.
   161 | D:1      | 161 ||| SHOPLISTING scroll of brand weapon (133 gold, have
                  | 9).
   161 | D:1      | 161 ||| SHOPLISTING scroll of identify (28 gold, have 9).
   161 | D:1      | 161 ||| SHOPLISTING scroll of teleportation (42 gold, have
                  | 9).
   191 | D:1      | 191 ||| Stepping ~*~*~tactically~*~*~ (stealth).
   244 | D:1      | 244 ||| Stepping ~*~*~tactically~*~*~ (stealth).
   308 | D:1      | Reached skill level 3 in Axes
   308 | D:1      | Reached XP level 3. HP: 17/23 MP: 3/3
   394 | D:1      | 394 ||| Stepping ~*~*~tactically~*~*~ (stealth).
   532 | D:1      | 532 ||| Stepping ~*~*~tactically~*~*~ (stealth).
   654 | D:1      | 654 ||| READING scroll labelled HOFURO UBRUN.
   862 | D:2      | Reached XP level 4. HP: 28/28 MP: 4/4
  1239 | D:2      | Reached skill level 4 in Axes
  1328 | D:2      | 1328 ||| DROPPING +0 club.
  1329 | D:2      | 1329 ||| UPGRADING to +1 cloak.
  1334 | D:2      | 1334 ||| DROPPING orb of guile.
  1335 | D:2      | 1335 ||| DROPPING ring of wizardry.
  1336 | D:2      | 1336 ||| READING 2 scrolls labelled KYPIUFI VUOPAO.
  1337 | D:2      | 1337 ||| DRINKING 2 metallic brown potions.
  1338 | D:2      | 1338 ||| DROPPING scroll of fear.
  1339 | D:2      | 1339 ||| DROPPING potion of brilliance.
  1537 | D:3      | Found a runed translucent door.
  1537 | D:3      | Noticed qw's ghost (amateur DEHu)
  1540 | D:3      | 1540 ||| UPGRADING to +0 chain mail.
  1550 | D:3      | 1550 ||| DROPPING +0 scale mail.
  1562 | D:3      | 1562 ||| Stepping ~*~*~tactically~*~*~ (stealth).
  1773 | D:3      | Reached XP level 5. HP: 20/32 MP: 5/5
  1796 | D:3      | 1796 ||| FLEEEEING.
  1797 | D:3      | 1797 ||| FLEEEEING.
  1798 | D:3      | 1798 ||| FLEEEEING.
  2127 | D:3      | Reached skill level 5 in Axes
  2243 | D:3      | 2243 ||| UPGRADING to ring of protection from fire.
  2244 | D:3      | 2244 ||| READING scroll labelled WABAIR PYAZU.
  2245 | D:3      | 2245 ||| READING scroll labelled VASMAZO VOSEBO.
  2466 | D:4      | 2466 ||| Stepping ~*~*~tactically~*~*~ (stealth).
  2468 | D:4      | 2468 ||| Stepping ~*~*~tactically~*~*~ (stealth).
  2482 | D:4      | Reached XP level 6. HP: 31/39 MP: 6/6
  2512 | D:4      | 2512 ||| DROPPING +0 mace.
  2600 | D:4      | Identified the +5 plate armour "Sumiujy" {rN+}
  2719 | D:4      | 2719 ||| Stepping ~*~*~tactically~*~*~ (hiding).
  2731 | D:4      | HP: 7/39 [gnoll/+0 halberd (5)]
  2732 | D:4      | HP: 3/39 [gnoll/+0 halberd (4)]
  2898 | D:4      | 2898 ||| Stepping ~*~*~tactically~*~*~ (stealth).
  2899 | D:4      | 2899 ||| Stepping ~*~*~tactically~*~*~ (stealth).
  2900 | D:4      | 2900 ||| Stepping ~*~*~tactically~*~*~ (stealth).
  3086 | D:4      | Found a white marble altar of Elyvilon.
  3275 | D:4      | 3275 ||| DROPPING +0 flail.
  3720 | D:4      | 3720 ||| UPGRADING to +0 helmet.
  3725 | D:4      | 3725 ||| UPGRADING to +5 plate armour "Sumiujy" {rN+}.
  3735 | D:4      | 3735 ||| DROPPING +0 chain mail.
  3736 | D:4      | 3736 ||| READING scroll labelled GAIWKA FEKOIRE.
  3737 | D:4      | 3737 ||| DRINKING 2 pink potions.
  3738 | D:4      | 3738 ||| DRINKING 2 ruby potions.
  3786 | D:5      | Entered Level 5 of the Dungeon
  3825 | D:5      | Noticed a black bear
  3841 | D:5      | Killed a black bear
  3842 | D:5      | Reached skill level 6 in Axes
  3842 | D:5      | Reached XP level 7. HP: 41/44 MP: 7/7
  4462 | D:5      | 4462 ||| READING 3 scrolls of identify.
  4462 | D:5      | 4462 ||| IDENTIFYING fizzy orange potion
  4463 | D:5      | 4463 ||| READING 2 scrolls of identify.
  4463 | D:5      | 4463 ||| IDENTIFYING murky red potion
  4491 | D:6      | Reached skill level 7 in Axes
  4491 | D:6      | Noticed Edmund
  4514 | D:6      | Killed Edmund
  4515 | D:6      | Reached skill level 1 in Dodging
  4515 | D:6      | Reached XP level 8. HP: 35/49 MP: 8/8
  4653 | D:6      | 4653 ||| DROPPING +1 flail of venom.
  4717 | D:6      | Noticed Sigmund
  4719 | D:6      | 4719 ||| Stepping ~*~*~tactically~*~*~ (hiding).
  4730 | D:6      | 4730 ||| DRINKING potion of curing.
  4730 | D:6      | 4730 ||| (to cure confusion)
  4735 | D:6      | Killed Sigmund
  4770 | D:6      | Found a shadowy altar of Dithmenos.
  4791 | D:6      | Reached skill level 8 in Axes
  5004 | D:6      | Found an ornate altar of the Wu Jian Council.
  5008 | D:6      | Noticed Blork the orc
  5015 | D:6      | Killed Blork the orc
  5182 | D:6      | Reached skill level 6 in Fighting
  5196 | D:6      | Reached XP level 9. HP: 55/55 MP: 9/9
  5201 | D:6      | 5201 ||| DROPPING +2 flail of protection.
  5264 | D:6      | Reached skill level 9 in Axes
  5556 | D:6      | 5556 ||| READING 3 scrolls labelled ZACVEL XOWAAC.
  5560 | D:6      | 5560 ||| READING scroll labelled QETHRO OTEGRIR.
  5561 | D:6      | 5561 ||| READING 2 scrolls of identify.
  5561 | D:6      | 5561 ||| IDENTIFYING fuming orange potion
  5602 | D:7      | Noticed a two-headed ogre
  5619 | D:7      | Killed a two-headed ogre
  5631 | D:7      | HP: 14/56 [acid (1)]
  5633 | D:7      | 5633 ||| READING 2 scrolls of teleportation.
  5634 | D:7      | 5634 ||| DRINKING 2 potions of heal wounds.
  5758 | D:7      | Found a staircase to the Ecumenical Temple.
  5759 | D:7      | 5759 ||| PLANNING TEMPLE
  5759 | D:7      | 5759 ||| READING scroll labelled BIPRAV ENLUI.
  5869 | Temple   | Entered the Ecumenical Temple
  5921 | Temple   | 5921 ||| PLANNING OKAWARU WORSHIP
  5993 | Temple   | Became a worshipper of Warmaster Okawaru
  5994 | Temple   | 5994 ||| PLANNING D:1-11
  6028 | D:7      | Identified the +2 pair of gloves of the Orb {Rampage Int+3}
  6202 | D:7      | Found a snail-covered altar of Cheibriados.
  6670 | D:7      | 6670 ||| UPGRADING to +2 pair of gloves of the Orb {Rampage
                  | Int+3}.
  6675 | D:7      | 6675 ||| READING 3 scrolls labelled VASSUY BABE.
  6675 | D:7      | Identified 3 scrolls of acquirement
  6675 | D:7      | 6675 ||| ACQUIRING +4 war axe "Pipleiff" {freeze, rF++
                  | rC+++}
  6675 | D:7      | Acquired the +4 war axe "Pipleiff" {freeze, rF++ rC+++}
  6677 | D:7      | 6677 ||| SWAPPING to +4 war axe "Pipleiff" {freeze, rF++
                  | rC+++}.
  6678 | D:7      | 6678 ||| READING 2 scrolls of acquirement.
  6678 | D:7      | 6678 ||| ACQUIRING 455 gold pieces
  6678 | D:7      | Acquired 455 gold pieces
  6680 | D:7      | 6680 ||| READING scroll of acquirement.
  6680 | D:7      | 6680 ||| ACQUIRING 512 gold pieces
  6680 | D:7      | Acquired 512 gold pieces
  6682 | D:7      | 6682 ||| READING 3 scrolls of identify.
  6682 | D:7      | 6682 ||| IDENTIFYING sedimented silvery potion
  6683 | D:7      | 6683 ||| READING 2 scrolls of identify.
  6683 | D:7      | 6683 ||| IDENTIFYING blue potion
  6684 | D:7      | 6684 ||| DROPPING potion of degeneration.
  6699 | D:8      | 6699 ||| PLANNING OSSUARY
  6789 | D:8      | Reached XP level 10. HP: 63/63 MP: 10/10
  6811 | D:8      | 6811 ||| Stepping ~*~*~tactically~*~*~ (hiding).
  6818 | D:8      | 6818 ||| Stepping ~*~*~tactically~*~*~ (hiding).
  6827 | D:8      | Reached skill level 1 in Throwing
  6859 | D:8      | Reached skill level 10 in Axes
  7219 | D:8      | Found a sand-covered staircase.
  7220 | D:8      | 7220 ||| READING scroll labelled RUNEOJ RISE.
  7221 | D:8      | 7221 ||| READING 2 scrolls labelled DEISTO ODWAINK.
  7222 | D:8      | 7222 ||| READING scroll of enchant armour.
  7222 | D:8      | 7222 ||| ENCHANTING +0 helmet.
  7228 | Ossuary  | Entered an ossuary
  7236 | Ossuary  | 7236 ||| Stepping ~*~*~tactically~*~*~ (stealth).
  7373 | Ossuary  | 7373 ||| Stepping ~*~*~tactically~*~*~ (stealth).
  7452 | Ossuary  | Reached * piety under Okawaru
  7517 | D:8      | 7517 ||| PLANNING D:1-11
  7565 | D:8      | 7565 ||| READING scroll of enchant armour.
  7565 | D:8      | 7565 ||| ENCHANTING +1 helmet.
  7582 | D:8      | 7582 ||| UPGRADING to +6 ring of strength.
  7625 | D:9      | 7625 ||| Stepping ~*~*~tactically~*~*~ (hiding).
  7660 | D:9      | Reached skill level 1 in Invocations
  7683 | D:9      | Found a staircase to the Orcish Mines.
  7691 | D:9      | 7691 ||| INVOKING Heroism.
  7708 | D:9      | 7708 ||| INVOKING Heroism.
  7738 | D:9      | 7738 ||| Stepping ~*~*~tactically~*~*~ (stealth).
  7740 | D:9      | 7740 ||| INVOKING Heroism.
  7891 | D:9      | Reached skill level 3 in Invocations
  7902 | D:9      | 7902 ||| Stepping ~*~*~tactically~*~*~ (stealth).
  7903 | D:9      | 7903 ||| Stepping ~*~*~tactically~*~*~ (stealth).
  7912 | D:9      | Found a staircase to the Lair.
  7932 | D:9      | Reached ** piety under Okawaru
  8007 | D:9      | Reached skill level 11 in Axes
  8007 | D:9      | Reached XP level 11. HP: 62/68 MP: 14/14
  8199 | D:9      | 8199 ||| Stepping ~*~*~tactically~*~*~ (stealth).
  8282 | D:9      | 8282 ||| Stepping ~*~*~tactically~*~*~ (hiding).
  8283 | D:9      | 8283 ||| Stepping ~*~*~tactically~*~*~ (hiding).
  8284 | D:9      | 8284 ||| Stepping ~*~*~tactically~*~*~ (hiding).
  8307 | D:9      | 8307 ||| INVOKING Heroism.
  8689 | D:9      | 8689 ||| PLANNING LAIR
  8689 | D:9      | 8689 ||| READING scroll labelled GOROAFOCIJ.
  8729 | D:9      | 8729 ||| READING scroll labelled PACHITAD JYDD.
  8730 | D:9      | 8730 ||| READING scroll labelled WUKAMYFERCH.
  8800 | Lair:1   | Entered Level 1 of the Lair of Beasts
  8802 | Lair:1   | 8802 ||| INVOKING Heroism.
  8809 | Lair:1   | Reached skill level 9 in Fighting
  8812 | Lair:1   | 8812 ||| Stepping ~*~*~tactically~*~*~ (stealth).
  8819 | Lair:1   | 8819 ||| Stepping ~*~*~tactically~*~*~ (stealth).
  8820 | Lair:1   | 8820 ||| Stepping ~*~*~tactically~*~*~ (stealth).
  8823 | Lair:1   | 8823 ||| INVOKING Heroism.
  8847 | Lair:1   | 8847 ||| INVOKING Heroism.
  8886 | Lair:1   | Found an ornate altar of the Wu Jian Council.
  8940 | Lair:1   | 8940 ||| INVOKING Heroism.
  8952 | Lair:1   | Reached *** piety under Okawaru
  9031 | Lair:1   | 9031 ||| INVOKING Heroism.
  9061 | Lair:1   | 9061 ||| INVOKING Heroism.
  9065 | Lair:1   | Reached skill level 12 in Axes
  9087 | Lair:1   | 9087 ||| INVOKING Heroism.
  9123 | Lair:1   | 9123 ||| INVOKING Heroism.
  9179 | Lair:1   | 9179 ||| INVOKING Heroism.
  9193 | Lair:1   | Reached skill level 9 in Armour
  9199 | Lair:1   | Reached skill level 6 in Shields
  9291 | Lair:1   | 9291 ||| Stepping ~*~*~tactically~*~*~ (stealth).
  9305 | Lair:1   | Reached **** piety under Okawaru
  9312 | Lair:1   | 9312 ||| INVOKING Heroism.
  9318 | Lair:1   | Reached XP level 12. HP: 46/77 MP: 12/15
  9856 | Lair:1   | 9856 ||| READING scroll labelled NEBUAM LIANOMI.
  9857 | Lair:1   | 9857 ||| READING 3 scrolls of identify.
  9857 | Lair:1   | 9857 ||| IDENTIFYING fizzy ruby potion
  9858 | Lair:1   | 9858 ||| READING 2 scrolls of identify.
  9858 | Lair:1   | 9858 ||| IDENTIFYING silvery potion
  9876 | Lair:2   | 9876 ||| STAIRDANCE
  9925 | Lair:2   | 9925 ||| STAIRDANCE
  9970 | Lair:2   | 9970 ||| STAIRDANCE
 10030 | Lair:2   | Noticed an eight-headed hydra
 10031 | Lair:2   | 10031 ||| INVOKING Heroism.
 10032 | Lair:2   | 10032 ||| SWAPPING to +2 morningstar.
 10038 | Lair:2   | Killed an eight-headed hydra
 10039 | Lair:2   | Reached skill level 6 in Invocations
 10039 | Lair:2   | 10039 ||| SWAPPING to +4 war axe "Pipleiff" {freeze, rF++
                  | rC+++}.
 10050 | Lair:2   | Received a gift from Okawaru
 10115 | Lair:2   | Noticed Nergalle
 10116 | Lair:2   | 10116 ||| Stepping ~*~*~tactically~*~*~ (hiding).
 10120 | Lair:2   | 10120 ||| INVOKING Heroism.
 10139 | Lair:2   | Killed Nergalle
 10336 | Lair:2   | Noticed Harold
 10337 | Lair:2   | 10337 ||| Stepping ~*~*~tactically~*~*~ (hiding).
 10338 | Lair:2   | 10338 ||| INVOKING Heroism.
 10348 | Lair:2   | Killed Harold
 10620 | Lair:2   | Reached skill level 3 in Throwing
 10931 | Lair:2   | Received a gift from Okawaru
 11130 | Lair:2   | 11130 ||| READING scroll labelled RAGEJIZ BICROYL.
 11131 | Lair:2   | 11131 ||| READING 4 scrolls of identify.
 11131 | Lair:2   | 11131 ||| IDENTIFYING lumpy pink potion
 11132 | Lair:2   | 11132 ||| DROPPING potion of invisibility.
 11149 | Lair:3   | Found a hole to the Spider Nest.
 11150 | Lair:3   | 11150 ||| INVOKING Heroism.
 11282 | Lair:3   | 11282 ||| READING scroll of enchant armour.
 11282 | Lair:3   | 11282 ||| ENCHANTING +1 cloak.
 11291 | Lair:3   | 11291 ||| Stepping ~*~*~tactically~*~*~ (hiding).
 11292 | Lair:3   | 11292 ||| Stepping ~*~*~tactically~*~*~ (hiding).
 11418 | Lair:3   | Reached skill level 13 in Axes
 11497 | Lair:3   | Found a staircase to the Swamp.
 11498 | Lair:3   | 11498 ||| Stepping ~*~*~tactically~*~*~ (water).
 11531 | Lair:3   | Reached ***** piety under Okawaru
 11546 | Lair:3   | 11546 ||| INVOKING Heroism.
 11551 | Lair:3   | Reached skill level 9 in Invocations
 11556 | Lair:3   | Reached XP level 13. HP: 22/82 MP: 17/19
 11763 | Lair:3   | 11763 ||| Stepping ~*~*~tactically~*~*~ (stealth).
 11765 | Lair:3   | 11765 ||| INVOKING Heroism.
 11766 | Lair:3   | 11766 ||| Stepping ~*~*~tactically~*~*~ (stealth).
 11773 | Lair:3   | Received a gift from Okawaru
 11790 | Lair:3   | 11790 ||| INVOKING Heroism.
 11807 | Lair:3   | Identified the +1 scale mail of Moynegg {rN+++ Regen+
                  | Str+2} (Okawaru gifted it to you on level 3 of the Lair of
                  | Beasts)
 11807 | Lair:3   | Received a gift from Okawaru
 11941 | Lair:3   | 11941 ||| Stepping ~*~*~tactically~*~*~ (stealth).
 11943 | Lair:3   | 11943 ||| Stepping ~*~*~tactically~*~*~ (stealth).
 11956 | Lair:3   | 11956 ||| INVOKING Heroism.
 11957 | Lair:3   | 11957 ||| INVOKING Finesse.
 12480 | Lair:4   | Reached skill level 14 in Axes
 12482 | Lair:4   | 12482 ||| INVOKING Heroism.
 12562 | Lair:4   | 12562 ||| INVOKING Heroism.
 12580 | Lair:4   | 12580 ||| Stepping ~*~*~tactically~*~*~ (stealth).
 12587 | Lair:4   | 12587 ||| Stepping ~*~*~tactically~*~*~ (hiding).
 12592 | Lair:4   | 12592 ||| INVOKING Heroism.
 12654 | Lair:4   | 12654 ||| FLEEEEING.
 12748 | Lair:4   | 12748 ||| Stepping ~*~*~tactically~*~*~ (hiding).
 12750 | Lair:4   | 12750 ||| Stepping ~*~*~tactically~*~*~ (hiding).
 12755 | Lair:4   | 12755 ||| INVOKING Heroism.
 12807 | Lair:4   | 12807 ||| Stepping ~*~*~tactically~*~*~ (stealth).
 13009 | Lair:4   | 13009 ||| Stepping ~*~*~tactically~*~*~ (stealth).
 13026 | Lair:4   | 13026 ||| Stepping ~*~*~tactically~*~*~ (stealth).
 13181 | Lair:4   | 13181 ||| READING 3 scrolls of identify.
 13181 | Lair:4   | 13181 ||| IDENTIFYING white potion
 13217 | Lair:5   | Entered Level 5 of the Lair of Beasts
 13286 | Lair:5   | 13286 ||| Stepping ~*~*~tactically~*~*~ (stealth).
 13310 | Lair:5   | 13310 ||| INVOKING Heroism.
 13526 | Lair:5   | 13526 ||| INVOKING Heroism.
 13530 | Lair:5   | 13530 ||| SWAPPING to +2 morningstar.
 13537 | Lair:5   | 13537 ||| SWAPPING to +4 war axe "Pipleiff" {freeze, rF++
                  | rC+++}.
 13545 | Lair:5   | Received a gift from Okawaru
 13559 | Lair:5   | Gained mutation: Your large and strong wings let you fly.
                  | [Gargoyle growth]
 13559 | Lair:5   | Reached XP level 14. HP: 56/90 MP: 21/21
 13689 | Lair:5   | 13689 ||| Stepping ~*~*~tactically~*~*~ (stealth).
 13692 | Lair:5   | 13692 ||| Stepping ~*~*~tactically~*~*~ (stealth).
 13768 | Lair:5   | Reached skill level 15 in Axes
 13828 | Lair:5   | Found a viscous altar of Jiyva.
 13828 | Lair:5   | Found a staircase to the Slime Pits.
 13848 | Lair:5   | 13848 ||| INVOKING Heroism.
 13849 | Lair:5   | 13849 ||| INVOKING Finesse.
 13854 | Lair:5   | 13854 ||| SWAPPING to +2 morningstar.
 13857 | Lair:5   | Received a gift from Okawaru
 13858 | Lair:5   | 13858 ||| SWAPPING to +4 war axe "Pipleiff" {freeze, rF++
                  | rC+++}.
 13947 | Lair:5   | 13947 ||| Stepping ~*~*~tactically~*~*~ (stealth).
 13991 | Lair:5   | 13991 ||| Stepping ~*~*~tactically~*~*~ (stealth).
 13994 | Lair:5   | 13994 ||| INVOKING Heroism.
 13995 | Lair:5   | 13995 ||| INVOKING Finesse.
 14011 | Lair:5   | 14011 ||| SWAPPING to +2 morningstar.
 14033 | Lair:5   | Reached skill level 6 in Throwing
 14033 | Lair:5   | 14033 ||| SWAPPING to +4 war axe "Pipleiff" {freeze, rF++
                  | rC+++}.
 14118 | Lair:5   | 14118 ||| Stepping ~*~*~tactically~*~*~ (stealth).
 14120 | Lair:5   | 14120 ||| Stepping ~*~*~tactically~*~*~ (hiding).
 14121 | Lair:5   | 14121 ||| Stepping ~*~*~tactically~*~*~ (hiding).
 14189 | Lair:5   | 14189 ||| INVOKING Heroism.
 14204 | Lair:5   | 14204 ||| Stepping ~*~*~tactically~*~*~ (stealth).
 14214 | Lair:5   | 14214 ||| Stepping ~*~*~tactically~*~*~ (hiding).
 14216 | Lair:5   | 14216 ||| Stepping ~*~*~tactically~*~*~ (hiding).
 14223 | Lair:5   | 14223 ||| INVOKING Finesse.
 14269 | Lair:5   | 14269 ||| Stepping ~*~*~tactically~*~*~ (stealth).
 14301 | Lair:5   | 14301 ||| Stepping ~*~*~tactically~*~*~ (stealth).
 14309 | Lair:5   | 14309 ||| INVOKING Heroism.
 14311 | Lair:5   | 14311 ||| SWAPPING to +2 morningstar.
 14332 | Lair:5   | 14332 ||| SWAPPING to +4 war axe "Pipleiff" {freeze, rF++
                  | rC+++}.
 14333 | Lair:5   | 14333 ||| INVOKING Finesse.
 14334 | Lair:5   | HP: 17/90 [death yak (18)]
 14335 | Lair:5   | 14335 ||| READING 4 scrolls of teleportation.
 14336 | Lair:5   | 14336 ||| DRINKING 3 potions of heal wounds.
 14513 | Lair:5   | 14513 ||| Stepping ~*~*~tactically~*~*~ (stealth).
 14515 | Lair:5   | 14515 ||| Stepping ~*~*~tactically~*~*~ (stealth).
 14552 | Lair:5   | 14552 ||| INVOKING Heroism.
 14556 | Lair:5   | 14556 ||| SWAPPING to +2 morningstar.
 14560 | Lair:5   | 14560 ||| SWAPPING to +4 war axe "Pipleiff" {freeze, rF++
                  | rC+++}.
 14563 | Lair:5   | 14563 ||| SWAPPING to +2 morningstar.
 14566 | Lair:5   | 14566 ||| SWAPPING to +4 war axe "Pipleiff" {freeze, rF++
                  | rC+++}.
 14626 | Lair:5   | 14626 ||| DROPPING +3 war axe.
 14809 | Lair:5   | 14809 ||| Stepping ~*~*~tactically~*~*~ (stealth).
 14811 | Lair:5   | 14811 ||| Stepping ~*~*~tactically~*~*~ (stealth).
 15161 | Lair:5   | 15161 ||| INVOKING Heroism.
 15228 | Lair:5   | Identified the +3 sling "Worm's Wrath" {speed, rElec rPois
                  | Will- Dex+5}
 15233 | Lair:5   | 15233 ||| DROPPING +0 war axe of protection.
 15234 | Lair:5   | 15234 ||| DROPPING +4 war axe.
 15235 | Lair:5   | 15235 ||| PLANNING D:1-11
 15235 | Lair:5   | 15235 ||| DRINKING 2 dark potions.
 15245 | Lair:5   | 15245 ||| DROPPING potion of ambrosia.
 15421 | D:10     | Entered Level 10 of the Dungeon
 15539 | D:10     | 15539 ||| Stepping ~*~*~tactically~*~*~ (stealth).
 15549 | D:10     | Received a gift from Okawaru
 15551 | D:10     | Reached skill level 12 in Fighting
 15736 | D:10     | 15736 ||| Stepping ~*~*~tactically~*~*~ (hiding).
 15813 | D:10     | 15813 ||| FLEEEEING.
 15814 | D:10     | 15814 ||| FLEEEEING.
 15815 | D:10     | 15815 ||| FLEEEEING.
 15816 | D:10     | 15816 ||| FLEEEEING.
 15817 | D:10     | 15817 ||| FLEEEEING.
 15818 | D:10     | 15818 ||| FLEEEEING.
 15819 | D:10     | 15819 ||| FLEEEEING.
 15820 | D:10     | 15820 ||| FLEEEEING.
 15821 | D:10     | 15821 ||| FLEEEEING.
 15822 | D:10     | 15822 ||| FLEEEEING.
 15823 | D:10     | 15823 ||| FLEEEEING.
 15824 | D:10     | 15824 ||| FLEEEEING.
 15825 | D:10     | 15825 ||| FLEEEEING.
 15826 | D:10     | 15826 ||| FLEEEEING.
 15827 | D:10     | 15827 ||| FLEEEEING.
 15828 | D:10     | 15828 ||| FLEEEEING.
 15829 | D:10     | 15829 ||| FLEEEEING.
 15830 | D:10     | 15830 ||| FLEEEEING.
 15831 | D:10     | 15831 ||| FLEEEEING.
 15837 | D:10     | 15837 ||| FLEEEEING.
 15838 | D:10     | 15838 ||| FLEEEEING.
 15839 | D:10     | 15839 ||| FLEEEEING.
 15844 | D:10     | 15844 ||| FLEEEEING.
 15845 | D:10     | 15845 ||| FLEEEEING.
 15846 | D:10     | 15846 ||| FLEEEEING.
 15847 | D:10     | 15847 ||| FLEEEEING.
 15848 | D:10     | 15848 ||| FLEEEEING.
 15849 | D:10     | 15849 ||| FLEEEEING.
 15850 | D:10     | 15850 ||| FLEEEEING.
 15851 | D:10     | 15851 ||| FLEEEEING.
 15852 | D:10     | 15852 ||| FLEEEEING.
 15853 | D:10     | 15853 ||| FLEEEEING.
 15854 | D:10     | 15854 ||| FLEEEEING.
 15887 | D:10     | 15887 ||| DROPPING +2 morningstar.
 15990 | D:10     | Reached skill level 3 in Dodging
 16136 | D:10     | 16136 ||| Stepping ~*~*~tactically~*~*~ (hiding).
 16142 | D:10     | 16142 ||| Stepping ~*~*~tactically~*~*~ (hiding).
 16195 | D:10     | Noticed Urug
 16196 | D:10     | 16196 ||| Stepping ~*~*~tactically~*~*~ (hiding).
 16199 | D:10     | 16199 ||| INVOKING Heroism.
 16204 | D:10     | Killed Urug
 16472 | D:10     | 16472 ||| UPGRADING to +0 kite shield.
 16482 | D:10     | 16482 ||| DROPPING +0 buckler.
 16822 | D:11     | Noticed Grum
 16823 | D:11     | 16823 ||| Stepping ~*~*~tactically~*~*~ (hiding).
 16830 | D:11     | 16830 ||| INVOKING Heroism.
 16839 | D:11     | Killed Grum
 17086 | D:11     | 17086 ||| INVOKING Heroism.
 17125 | D:11     | 17125 ||| INVOKING Heroism.
 17135 | D:11     | Reached skill level 9 in Shields
 17410 | D:11     | 17410 ||| Stepping ~*~*~tactically~*~*~ (stealth).
 17498 | D:11     | 17498 ||| PLANNING D
 17498 | D:11     | 17498 ||| DROPPING amulet of magic regeneration.
 17582 | D:12     | 17582 ||| Stepping ~*~*~tactically~*~*~ (stealth).
 17586 | D:12     | 17586 ||| INVOKING Heroism.
 17605 | D:12     | Received a gift from Okawaru
 17696 | D:12     | 17696 ||| Stepping ~*~*~tactically~*~*~ (hiding).
 17700 | D:12     | 17700 ||| Stepping ~*~*~tactically~*~*~ (hiding).
 17701 | D:12     | 17701 ||| Stepping ~*~*~tactically~*~*~ (hiding).
 17703 | D:12     | 17703 ||| Stepping ~*~*~tactically~*~*~ (hiding).
 17835 | D:12     | 17835 ||| Stepping ~*~*~tactically~*~*~ (hiding).
 17841 | D:12     | 17841 ||| FLEEEEING.
 17842 | D:12     | 17842 ||| FLEEEEING.
 17846 | D:12     | 17846 ||| INVOKING Heroism.
 17857 | D:12     | Reached XP level 15. HP: 50/96 MP: 20/22
 18065 | D:12     | 18065 ||| INVOKING Heroism.
 18665 | D:13     | Identified the +0 dagger of Urgency {protect, rElec rC+
                  | Will- Int+2}
 18927 | D:13     | Found a gate to the Vaults.
 18960 | D:13     | 18960 ||| Stepping ~*~*~tactically~*~*~ (hiding).
 19253 | D:13     | 19253 ||| INVOKING Heroism.
 19353 | D:13     | 19353 ||| UPGRADING to ring of willpower.
 19385 | D:14     | 19385 ||| INVOKING Heroism.
 19387 | D:14     | 19387 ||| STAIRDANCE
 19389 | D:13     | HP: 23/96 [meliai/divine providence (15)]
 19390 | D:13     | 19390 ||| READING 7 scrolls of teleportation.
 19390 | D:13     | HP: 6/96 [meliai/divine providence (15)]
 19391 | D:13     | 19391 ||| DRINKING 3 potions of heal wounds.
 19406 | D:13     | HP: 24/96 [meliai/divine providence (11)]
 19407 | D:13     | 19407 ||| READING 6 scrolls of teleportation.
 19408 | D:13     | 19408 ||| DRINKING 2 potions of heal wounds.
 19615 | D:13     | 19615 ||| DROPPING +7 war axe of electrocution.
 19639 | D:14     | 19639 ||| STAIRDANCE
 19642 | D:13     | Reached skill level 12 in Shields
 19695 | D:14     | Noticed Agnes
 19696 | D:14     | 19696 ||| INVOKING Heroism.
 19697 | D:14     | 19697 ||| INVOKING Finesse.
 19716 | D:14     | HP: 24/96 [Agnes/+4 vampiric lajatang (7)]
 19717 | D:14     | 19717 ||| READING 5 scrolls of teleportation.
 19718 | D:14     | 19718 ||| DRINKING 2 potions of heal wounds.
 19837 | D:14     | 19837 ||| Stepping ~*~*~tactically~*~*~ (stealth).
 19853 | D:14     | 19853 ||| INVOKING Heroism.
 19865 | D:14     | Killed Agnes
 20032 | D:14     | 20032 ||| INVOKING Heroism.
 20171 | D:14     | Found a portal to a secret trove of treasure.
 20296 | D:14     | 20296 ||| INVOKING Heroism.
 20324 | D:14     | 20324 ||| INVOKING Heroism.
 20328 | D:14     | 20328 ||| SWAPPING to +3 morningstar.
 20330 | D:14     | 20330 ||| SWAPPING to +4 war axe "Pipleiff" {freeze, rF++
                  | rC+++}.
 20417 | D:14     | 20417 ||| INVOKING Heroism.
 20785 | D:14     | Found a shadowy altar of Dithmenos.
 20893 | D:14     | 20893 ||| UPGRADING to +0 pair of boots.
 20898 | D:14     | 20898 ||| READING 2 scrolls of enchant armour.
 20898 | D:14     | 20898 ||| ENCHANTING +0 pair of boots.
 20899 | D:14     | 20899 ||| READING scroll of enchant armour.
 20899 | D:14     | 20899 ||| ENCHANTING +1 pair of boots.
 20900 | D:14     | 20900 ||| READING 8 scrolls of identify.
 20900 | D:14     | 20900 ||| IDENTIFYING smoky emerald potion
 20901 | D:14     | 20901 ||| DROPPING potion of berserk rage.
 20935 | D:15     | Entered Level 15 of the Dungeon
 20953 | D:15     | Noticed Nessos
 20959 | D:15     | 20959 ||| INVOKING Heroism.
 20980 | D:15     | HP: 20/96 [Nessos/arrow (18)]
 20981 | D:15     | 20981 ||| READING 4 scrolls of teleportation.
 20982 | D:15     | 20982 ||| DRINKING potion of heal wounds.
 21011 | D:15     | 21011 ||| Stepping ~*~*~tactically~*~*~ (hiding).
 21012 | D:15     | 21012 ||| Stepping ~*~*~tactically~*~*~ (hiding).
 21013 | D:15     | 21013 ||| INVOKING Heroism.
 21015 | D:15     | 21015 ||| Stepping ~*~*~tactically~*~*~ (hiding).
 21016 | D:15     | 21016 ||| Stepping ~*~*~tactically~*~*~ (hiding).
 21025 | D:15     | Killed Nessos
 21035 | D:15     | 21035 ||| Stepping ~*~*~tactically~*~*~ (stealth).
 21041 | D:15     | HP: 22/96 [meliai/+0 hand axe (5)]
 21042 | D:15     | 21042 ||| READING 3 scrolls of teleportation.
 21047 | D:15     | 21047 ||| READING 2 scrolls of teleportation.
 21077 | D:15     | 21077 ||| INVOKING Heroism.
 21077 | Abyss:2  | Cast into level 2 of the Abyss (a wizard)
 21151 | Abyss:2  | 21151 ||| INVOKING Heroism.
 21174 | Abyss:2  | Noticed a tentacled starspawn
 21175 | Abyss:2  | 21175 ||| Stepping ~*~*~tactically~*~*~ (stealth).
 21176 | Abyss:2  | 21176 ||| Stepping ~*~*~tactically~*~*~ (stealth).
 21177 | Abyss:2  | 21177 ||| Stepping ~*~*~tactically~*~*~ (stealth).
 21195 | Abyss:2  | 21195 ||| Stepping ~*~*~tactically~*~*~ (stealth).
 21196 | Abyss:2  | 21196 ||| Stepping ~*~*~tactically~*~*~ (stealth).
 21197 | Abyss:2  | 21197 ||| Stepping ~*~*~tactically~*~*~ (stealth).
 21208 | Abyss:2  | Killed a tentacled starspawn
 21209 | Abyss:2  | Reached skill level 16 in Axes
 21210 | Abyss:2  | 21210 ||| Stepping ~*~*~tactically~*~*~ (stealth).
 21241 | Abyss:2  | 21241 ||| Stepping ~*~*~tactically~*~*~ (stealth).
 21242 | Abyss:2  | 21242 ||| INVOKING Heroism.
 21366 | Abyss:2  | Noticed a profane servitor
 21367 | Abyss:2  | 21367 ||| Stepping ~*~*~tactically~*~*~ (stealth).
 21399 | Abyss:2  | 21399 ||| Stepping ~*~*~tactically~*~*~ (stealth).
 21426 | Abyss:2  | 21426 ||| INVOKING Heroism.
 21429 | Abyss:2  | HP: 21/96 [starcursed mass/accursed screaming (12)]
 21430 | Abyss:2  | 21430 ||| READING scroll of teleportation.
 21431 | Abyss:2  | HP: 6/96 [profane servitor/+2 whip (9)]
 21431 | Abyss:2  | Killed from afar by a starcursed mass

Levels and vault maps discovered:
D:1:      dpeg_arrival_orchard, layout_basic, serial_shops,
          nicolae_shop_crystal, chequers_ecumenical_altar_simple_redux,
          hangedman_decor_peaks_small, minmay_misc_feat_tiny,
          grunt_decor_mini_mirrors
D:2:      layout_basic
D:3:      layout_basic, hellmonk_ghost_happy_afterlife,
          small_statue_intersection, minmay_hedge_maze
D:4:      layout_layer_cave, elyvilon_altar_4
D:5:      layout_basic
D:6:      layout_loops_cross, overflow_temple_1_default,
          mainiacjoe_overflow_cross_hatched, uniq_blork_the_orc, uniq_sigmund,
          uniq_edmund
D:7:      layout_basic, slow_altar_1, minmay_temple_entry_glass
D:8:      layout_rooms, nicolae_ossuary_entry_plus
D:9:      layout_cave_pods, minmay_lair_entry_grove, orc_0_dummy,
          chequers_serial_rivers_room_b, minmay_misc_feat_alley
D:10:     layout_stronghold, serial_bayou_pond_c, uniq_urug
D:11:     layout_stronghold, serial_column_ruins, column_ruins_columns_straight,
          column_ruins_grid_1, column_ruins_open_tiny, column_ruins_corridor_T,
          column_ruins_open_small, uniq_grum
D:12:     layout_grid_maze
D:13:     layout_loops_ring, erik_vaults_1
D:14:     layout_roguey [special_room_orc], grunt_dithmenos_shadows,
          nicolae_trove_entry_diagonal, grunt_ministairs_2, uniq_agnes
D:15:     grunt_enter_depths_giant_problem, layout_basic, uniq_josephine,
          uniq_nessos
Temple:   mainiacjoe_temple_coin_purse
Lair:1:   layout_hall_layers, basic_altar
Lair:2:   layout_loops_ring, uniq_nergalle, uniq_harold
Lair:3:   layout_gridlike, minmay_swamp_entry_swarm, spider_nest_entry_webs,
          grunt_megastairs_4, serial_bayou_shore_a, infiniplex_staircase_pool_2
Lair:4:   layout_misc_corridors, roderic_carrion_pond
Lair:5:   hangedman_lair_in_review, layout_cave_pods, slime_entry_1,
          lemuel_fruit_tree, grunt_megastairs_2
Abyss:2:  base:
D:6

Skill      XL: |  1  2  3  4  5  6  7  8  9 10 11 12 13 14 15 |
---------------+----------------------------------------------+-----
Axes           | 2 3 4 5 6 7 8 9 11 12 13 14 15 16 | 16.0
Fighting       | 4 5 6 7 8 10 11 12 | 12.0
Armour         | 4 5 7 9 10 11 | 11.2
Dodging        | 1 2 3 |  3.1
Shields        | 4 5 6 7 10 12 | 12.2
Throwing       | 2 4 6 |  6.1
Invocations    | 4 9 10 | 10.0

Action                     |  1- 3 |  4- 6 |  7- 9 | 10-12 | 13-15 || total
---------------------------+-------+-------+-------+-------+-------++-------
  Melee: War axe           |    99 |   229 |   286 |   514 |   820 ||  1948
         Morningstar       |       |       |       |     5 |    54 ||    59
  Throw: Javelin           |       |       |     5 |    16 |   115 ||   136
         Boomerang         |       |       |       |    85 |    44 ||   129
 Invoke: Heroism           |       |       |       |    19 |    36 ||    55
         Finesse           |       |       |       |       |     6 ||     6
    Use: Scroll            |     1 |     4 |    12 |    13 |    12 ||    42
         Potion            |       |     3 |     2 |       |     6 ||    11
   Stab: Distracted        |       |       |       |       |     1 ||     1
 Armour: Scale mail        |    51 |    34 |       |       |       ||    85
         Chain mail        |       |    80 |       |       |       ||    80
         Plate armour      |       |    27 |   310 |   386 |   563 ||  1286
  Dodge: Dodged            |    56 |    79 |    93 |   202 |   266 ||   696
  Block: Buckler           |    20 |    50 |    66 |    98 |   111 ||   345
         Kite shield       |       |       |       |       |   226 ||   226

Table legend:
 A = Non-vault XP
 B = Vault XP
 C = Vault XP percentage of total XP
 D = Non-vault monster count
 E = Vault monster count
 F = Vault count percentage of total count
                 A         B        C        D         E       F
            +---------+---------+-------+---------+---------+-------
      Total |   79989 |   32769 |  29.1 |     433 |     150 |  25.7
            +---------+---------+-------+---------+---------+-------
        D:1 |      57 |       0 |   0.0 |      29 |       0 |   0.0
        D:2 |      54 |       0 |   0.0 |      14 |       0 |   0.0
        D:3 |     124 |       0 |   0.0 |      26 |       0 |   0.0
        D:4 |     262 |       0 |   0.0 |      24 |       0 |   0.0
        D:5 |     448 |       0 |   0.0 |      12 |       0 |   0.0
        D:6 |    1366 |     479 |  26.0 |      24 |       3 |  11.1
        D:7 |    1760 |       5 |   0.3 |      16 |       1 |   5.9
        D:8 |     925 |       0 |   0.0 |      22 |       0 |   0.0
        D:9 |    2121 |    2158 |  50.4 |      22 |      13 |  37.1
       D:10 |    3263 |     790 |  19.5 |      29 |       1 |   3.3
       D:11 |    6172 |     424 |   6.4 |      17 |       3 |  15.0
       D:12 |    6341 |       0 |   0.0 |      19 |       0 |   0.0
       D:13 |    4574 |    3445 |  43.0 |      13 |       6 |  31.6
       D:14 |    6430 |    2730 |  29.8 |      16 |      26 |  61.9
       D:15 |     911 |    1079 |  54.2 |       3 |       1 |  25.0
     Lair:1 |   10216 |       0 |   0.0 |      40 |       0 |   0.0
     Lair:2 |    2746 |    1665 |  37.7 |      11 |       2 |  15.4
     Lair:3 |    9733 |    6399 |  39.7 |      29 |      24 |  45.3
     Lair:4 |    6043 |     339 |   5.3 |      23 |       4 |  14.8
     Lair:5 |   11078 |   12809 |  53.6 |      32 |      27 |  45.8
    Abyss:2 |    5365 |       0 |   0.0 |      12 |       0 |   0.0
    Ossuary |       0 |     447 | 100.0 |       0 |      39 | 100.0
            +---------+---------+-------+---------+---------+-------
